Map: Terrasses de Prion

Players

Frozen - Winner!

  • Race: Zerg Zerg
  • League: Master

YTROG

  • Race: Zerg Zerg
  • League: Diamond

VOD

Have the link to the VOD?

Description

Time

  • Played on: May 18, 2016, 2:40 p.m.
  • Length: 3:06
Show
View Real Time Build Order
Export as new Build Order

Frozen Zerg - Winner!

Build Orders: Pool First 

Get SALT Encoding   

  12  0:01  Drone  
  13  0:12  Extractor  
  12  0:25  Spawning Pool  
  11  0:29  Drone  
  12  0:37  Drone  
  12  0:40  Drone  
  14  0:51  Overlord  
  14  1:12  Zergling x6  
  14  1:14  Metabolic Boost  
  17  1:24  Zergling x2  
  18  1:32  Baneling Nest  
  17  1:35  Zergling x2  
  18  1:46  Zergling x2  
  19  1:56  Zergling x2  
  20  2:07  Zergling x2  
  21  2:19  Hatchery  
  21  2:21  Baneling  
  21  2:22  Baneling x2  
  20  2:24  Baneling  
  20  2:31  Zergling x2  
Show
View Real Time Build Order
Export as new Build Order

YTROG Zerg 

Build Orders: Pool First 

Get SALT Encoding   

  12  0:01  Drone  
  13  0:12  Overlord  
  13  0:17  Drone  
  13  0:19  Extractor  
  13  0:23  Drone  
  15  0:31  Drone  
  15  0:35  Drone  
  17  0:40  Extractor  
  16  0:45  Drone  
  17  0:51  Spawning Pool  
  17  0:56  Drone  
  17  1:07  Drone  
  18  1:17  Drone  
  19  1:29  Hatchery  
  18  1:38  Queen  
  20  1:40  Zergling x2  
  20  1:45  Zergling x2  
  22  1:57  Overlord  
  22  2:05  Zergling x2, Extractor  
  23  2:09  Baneling Nest  
  22  2:19  Queen  
  24  2:29  Zergling x4  
  26  2:42  Zergling x2  
Tags
 
Add a new tag
Caveats
  • Supply blocks, unpowered buildings, or Contaminate may cause inaccurate times.
  • Supply counts are checked every 10 seconds.